 Dungeon Crawl Stone Soup version 0.28.0 (webtiles) character file.

Game seed: 9033769720279101655

9558 fiver49 the Fighter (level 11, -5/93 HPs)
             Began as a Demonspawn Hunter on Feb 13, 2022.
             Was a Priest of Dithmenos.
             Slain by a stone giant (35 damage)
             ... on level 10 of the Dungeon.
             The game lasted 00:21:28 (14232 turns).

fiver49 the Fighter (Demonspawn Hunter)            Turns: 14232, Time: 00:21:33

Health: -5/93      AC: 10    Str: 17    XL:     11   Next: 24%
Magic:  11/11      EV: 21    Int: 12    God:    Dithmenos [***...]
Gold:   571        SH:  0    Dex: 14    Spells: 10/10 levels left

rFire   + . .      SeeInvis .   K - +2 scimitar (flame)
rCold   . . .      Faith    .   r - orb {mayhem}
rNeg    . . .      Spirit   .   L - +0 steam dragon scales
rPois   .          Reflect  .   z - +1 hat
rElec   .          Harm     .   C - +0 cloak
rCorr   .          Rampage  .   x - +0 pair of gloves
Will    .....                   (no boots)
Stlth   ++........              (no amulet)
HPRegen 0.25/turn               w - ring of protection from fire
MPRegen 0.12/turn               (no ring)

@: agile, wreathed by umbra
A: icy blue scales 1, powered by pain 2, spiny 2
a: Renounce Religion, Shadow Step


You were on level 10 of the Dungeon.
You worshipped Dithmenos.
Dithmenos was most pleased with you.
You visited 1 branch of the dungeon, and saw 10 of its levels.
You also visited: Sewer.

You collected 571 gold pieces.

Inventory:

Hand Weapons
 a - a +0 short sword
 g - a +2 dagger of speed
   (You found it on level 1 of the Dungeon)
 i - a +0 war axe
   (You found it on level 2 of the Dungeon)
 K - a +2 scimitar of flaming (weapon)
   (You took it off Maggie on level 8 of the Dungeon)
 P - a +1 dagger of electrocution
   (You took it off an orc on level 9 of the Dungeon)
Missiles
 c - 8 javelins
 d - a throwing net
 e - 18 poisoned darts (quivered)
 A - 7 boomerangs
Armour
 b - a +0 leather armour
 r - an orb of mayhem (worn)
   (You found it on level 4 of the Dungeon)
 x - a +0 pair of gloves (worn)
   (You found it on level 5 of the Dungeon)
 z - a +1 hat (worn)
   (You found it on level 6 of the Dungeon)
 C - a +0 cloak (worn)
   (You found it on level 6 of the Dungeon)
 I - a +0 ring mail
   (You took it off an orc on level 8 of the Dungeon)
 L - +0 steam dragon scales (worn)
   (You took it off Maggie on level 8 of the Dungeon)
Jewellery
 w - a ring of protection from fire (left hand)
   (You found it on level 5 of the Dungeon)
Wands
 B - a wand of paralysis (12)
   (You found it on level 6 of the Dungeon)
 H - a wand of iceblast (9)
   (You found it on level 7 of the Dungeon)
Scrolls
 h - 3 scrolls of holy word {unknown}
 k - 14 scrolls of identify {unknown}
 n - 2 scrolls of brand weapon {unknown}
 q - 5 scrolls of teleportation {unknown}
 u - 2 scrolls of noise {unknown}
 v - 2 scrolls of magic mapping {unknown}
 y - 2 scrolls of amnesia {unknown}
 D - a scroll of enchant weapon {unknown}
 E - a scroll of vulnerability {unknown}
 F - a scroll of fog {unknown}
 M - a scroll of torment {unknown}
 O - 2 scrolls of fear {unknown}
 Q - a scroll of blinking {unknown}
Potions
 f - 6 potions of curing
 j - 2 potions of heal wounds {unknown}
 l - a potion of magic {unknown}
 m - 2 potions of haste
 o - a potion of cancellation {unknown}
 p - a potion of brilliance {unknown}
 s - 4 potions of flight {unknown}
 t - a potion of might {unknown}
 G - 2 potions of attraction {unknown}
 J - 2 potions of ambrosia {unknown}
 N - a potion of berserk rage {unknown}
 R - a potion of lignification {unknown}


   Skills:
 - Level 11.0 Fighting
 + Level 8.3 Long Blades
 - Level 1.2 Axes
 - Level 3.6 Throwing
 - Level 10.0 Dodging
 - Level 1.0 Stealth


You had 10 spell levels left.
You didn't know any spells.
Your spell library contained the following spells:

 Spells                   Type           Power      Damage    Failure   Level
 Shock                    Conj/Air       0%         1d3       32%         1
 Sting                    Tmut/Pois      0%         1d3       32%         1
 Ensorcelled Hibernation  Hex/Ice        0%         N/A       45%         2
 Passwall                 Tmut/Erth      0%         N/A       45%         2
 Poisonous Vapours        Pois/Air       0%         N/A       45%         2
 Dazzling Flash           Conj/Hex       0%         N/A       69%         3
 Frozen Ramparts          Ice            0%         1d2       69%         3
 Swiftness                Air            0%         N/A       69%         3
 Airstrike                Air            0%         N/A       97%         4
 Ice Form                 Ice/Tmut       0%         N/A       97%         4
 Iskenderun's Mystic Bla  Conj/Tloc      0%         2d3       97%         4
 Olgreb's Toxic Radiance  Pois           0%         N/A       97%         4
 Summon Ice Beast         Ice/Summ       0%         N/A       97%         4
 Summon Lightning Spire   Summ/Air       0%         N/A       97%         4
 Starburst                Conj/Fire      0%         6d3       100%        6
 Storm Form               Tmut/Air       0%         N/A       100%        7
 Maxwell's Capacitive Co  Air            0%         ∞         100%        8


Dungeon Overview and Level Annotations

Branches:
Dungeon (10/15)            Temple (0/1) D:6            Lair (0/6) D:9
  Sewer (visited)
    Orc: D:9-12

Altars:
Ashenzari
Dithmenos
Elyvilon
Hepliaklqana
Okawaru
Qazlal
Wu Jian
The Shining One

Shops:
D:4 *   D:7 [

Annotations:
D:4 exclusions: 3 orcs, orc priest and orc wizard
D:6 3 runed translucent doors, Bediveer's ghost, amateur FeSu
D:7 1 runed translucent door, Acetwo5's ghost, novice MiFi
D:10 exclusion: catoblepas


Innate Abilities, Weirdness & Mutations

You are partially covered in icy blue scales. (AC +2)
You sometimes gain power by taking damage.
You are mostly covered in sharp spines.


Message History

The wraith is moderately damaged.
The wraith misses you.
An orc wizard comes into view. It is wielding a +0 long sword.
You slash the wraith! You burn the wraith.
The wraith is almost destroyed.
The wraith hits you.
You hit the wraith. You burn the wraith.
The wraith is almost destroyed.
The wraith is struck by your spines. The wraith hits you but does no damage.
You barely miss the wraith.
The wraith is almost destroyed.
The wraith closely misses you.
You slash the wraith! You burn the wraith.
You destroy the wraith!
Dithmenos accepts your kill.
You throw a poisoned dart.
The poisoned dart closely misses the orc wizard.
You slash the orc wizard! You burn the orc wizard.
The orc wizard is almost dead.
The orc wizard is struck by your spines.
You kill the orc wizard!
Dithmenos accepts your kill.
The troll flies into a frenzy!
You throw a poisoned dart. The poisoned dart hits the troll.
The troll is poisoned.
The troll is struck by your spines. The troll closely misses you.
The troll misses you. The troll claws you!
You hear a shout!
You closely miss the troll.
The troll is moderately wounded.
You hear a shout!
The troll barely misses you. x3
You barely miss the troll.
The troll is moderately wounded.
The troll is struck by your spines. The troll bites you!
The troll closely misses you. The troll claws you but does no damage.
The troll bites you!
You focus on the pain.
You feel very mighty all of a sudden. The troll barely misses you. x2
Press: ? - help, v - describe, . - travel, g - get item
Here: a troll (heavily wounded, fast, strong, frenzied and insane, poisoned, umbra)
Items here: a +0 long sword; a +0 robe.
The floor, spattered with blood.
Unknown command.
You slice the troll!! You burn the troll.
You kill the troll!
Dithmenos accepts your kill.
The troll leather armour is intact enough to wear.
You feel a little less mighty now.
A centaur is nearby!
You throw a poisoned dart. The poisoned dart hits the centaur.
The centaur is poisoned.
The centaur unwields a +0 quarterstaff.
The centaur wields a +0 shortbow.
The centaur shoots an arrow.
The arrow closely misses you.
You hear two shouts!
You throw a poisoned dart. The poisoned dart hits the centaur.
The centaur looks even sicker.
The centaur shoots an arrow.
The arrow completely misses you.
The centaur shoots an arrow.
The arrow hits you but does no damage.
A two-headed ogre comes into view. It is wielding two +0 giant clubs.
The centaur unwields a +0 shortbow.
The centaur wields a +0 quarterstaff.
The centaur is struck by your spines. The centaur closely misses you.
The centaur misses you.
A stone giant comes into view.
Items here: ) [[ †.
The stone giant shouts!
You hit the centaur. You burn the centaur.
The centaur is severely wounded.
The centaur is struck by your spines.
You kill the centaur!
Dithmenos accepts your kill.
You throw a poisoned dart.
The poisoned dart barely misses the two-headed ogre.
You slash the two-headed ogre! You burn the two-headed ogre.
The two-headed ogre is moderately wounded.
The two-headed ogre is struck by your spines.
The two-headed ogre misses you. The two-headed ogre barely misses you.
You slash the two-headed ogre! You burn the two-headed ogre.
The two-headed ogre is severely wounded.
You barely miss the two-headed ogre.
The two-headed ogre is severely wounded.
The two-headed ogre is struck by your spines.
The two-headed ogre hits you with a +0 giant club!
The two-headed ogre hits you with a +0 giant club!!
You focus on the pain.
You feel agile all of a sudden.
There is an open door here.
You hit the two-headed ogre but do no damage.
The two-headed ogre is severely wounded.
The two-headed ogre is struck by your spines.
The two-headed ogre hits you with a +0 giant club.
The two-headed ogre hits you but does no damage.
You slash the two-headed ogre! You burn the two-headed ogre.
The two-headed ogre is almost dead.
You slash the two-headed ogre! You burn the two-headed ogre.
You kill the two-headed ogre!
Dithmenos accepts your kill.
The stone giant flies into a frenzy!
The stone giant is struck by your spines.
The stone giant hits you!!
You die...

#.(.#.#....##)'...
#...#.#.8..##.#... ⌠..(..
#)..#.#....##.y.y. .....
#'###.####.##.##8. ....
#.)......#.##['. ...
#'###....#.##$### ..
#...#....#'####### ###.#
#...#).###.#8###8###8#)#8###8
#.[.#..'....@C.......[.......
#####.######8###8###8###8###8
#..'.# ### ### ### ######


You could see a neutral stone giant (fast, strong, insane).

Vanquished Creatures
  2 two-headed ogres
  A wizard (D:10)
  2 cyclopes (D:10)
  Maurice (D:8)
  Maggie (D:8)
  An unseen horror (D:10)
  2 trolls (D:10)
  A meliai (D:10)
  A hornet (D:9)
  2 wyverns (D:6)
  A shadow (D:10)
  A wraith (D:10)
  Eustachio (D:6)
  A steam dragon (D:6)
  5 yaks
  Grum (D:8)
  4 water moccasins
  3 orc warriors
  A necrophage (D:3)
  An ice beast (D:7)
  A sky beast (D:7)
  A hornet zombie (D:5)
  2 black bears (D:6)
  3 ogres
  4 wolves (D:8)
  4 centaurs
  5 kobold brigands
  Blork the orc (D:5)
  2 gnoll sergeants
  A wyvern zombie (D:5)
  2 bullfrogs
  2 scorpions
  4 wights (D:8)
  3 centaur zombies
  4 hounds
  3 orc priests
  Natasha (thrice) (D:2)
  2 iguanas
  A scorpion zombie (D:5)
  7 orc wizards
  A killer bee zombie (D:8)
  A howler monkey zombie (D:9)
  6 gnolls
  4 river rats
  12 adders
  A shadow imp (D:6)
  8 worms
  21 orcs
  13 ball pythons
  4 endoplasms
  2 giant cockroaches
  10 goblins
  2 hobgoblins
  18 kobolds
  2 quokkas
  4 bats
  6 frilled lizards
  8 rats
211 creatures vanquished.

Vanquished Creatures (collateral kills)
  A necrophage (D:8)
  An orc wizard (D:8)
  3 gnolls
  3 orcs
  A kobold (D:7)
9 creatures vanquished.

Vanquished Creatures (others)
  An orc priest (D:8)
  An orc (D:8)
  2 kobolds
  A quokka (D:4)
  A bush (D:10)
  A plant (D:10)
7 creatures vanquished.

Grand Total: 227 creatures vanquished

Notes
Turn   | Place    | Note
-------+----------+-------------------------------------------
     0 | D:1      | fiver49 the Demonspawn Hunter began the quest for the Orb.
     0 | D:1      | Reached XP level 1. HP: 16/16 MP: 1/1
    45 | D:1      | Reached skill level 1 in Stealth
    61 | D:1      | Reached skill level 2 in Dodging
   271 | D:1      | Gained mutation: You are partially covered in sharp spines.
                  | [demonic ancestry]
   271 | D:1      | Reached XP level 2. HP: 21/23 MP: 2/2
   952 | D:1      | Found a faded altar of an unknown god.
  1020 | D:2      | Noticed Natasha
  1026 | D:2      | Killed Natasha
  1027 | D:2      | Reached skill level 3 in Fighting
  1027 | D:2      | Gained mutation: You sometimes gain a little power by
                  | taking damage. [demonic ancestry]
  1027 | D:2      | Reached XP level 3. HP: 29/29 MP: 3/3
  1346 | D:2      | Noticed Natasha
  1359 | D:2      | Killed Natasha
  1360 | D:2      | Reached skill level 3 in Dodging
  1360 | D:2      | Reached XP level 4. HP: 11/35 MP: 4/4
  1368 | D:2      | Noticed Natasha
  1372 | D:2      | HP: 8/35 [Natasha/magic dart (5)]
  1372 | D:2      | HP: 2/35 [Natasha/magic dart (6)]
  1673 | D:2      | Killed Natasha
  2161 | D:2      | Reached XP level 5. HP: 32/42 MP: 5/5
  2281 | D:3      | Reached skill level 4 in Fighting
  2288 | D:3      | Found a glowing drain.
  2426 | Sewer    | Entered a sewer
  2585 | Sewer    | Reached skill level 4 in Dodging
  3077 | Sewer    | Gained mutation: You are partially covered in icy blue
                  | scales. (AC +2) [demonic ancestry]
  3077 | Sewer    | Reached XP level 6. HP: 36/49 MP: 6/6
  3235 | Sewer    | Reached skill level 5 in Fighting
  4055 | D:3      | Reached skill level 5 in Dodging
  4055 | D:3      | Reached XP level 7. HP: 41/57 MP: 7/7
  4172 | D:3      | Found a shadowy altar of Dithmenos.
  4180 | D:3      | Became a worshipper of Dithmenos the Shadowed
  4679 | D:4      | Found Ihafusudd's Assorted Antiques.
  4705 | D:4      | Reached skill level 6 in Fighting
  4858 | D:4      | Found a broken altar of Ashenzari.
  5174 | D:5      | Entered Level 5 of the Dungeon
  5227 | D:5      | Reached skill level 6 in Dodging
  5526 | D:5      | Reached XP level 8. HP: 44/65 MP: 8/8
  5540 | D:5      | Reached skill level 7 in Fighting
  5826 | D:5      | Reached * piety under Dithmenos
  6285 | D:5      | Reached skill level 7 in Dodging
  6546 | D:5      | Noticed Blork the orc
  6549 | D:5      | Found a faded altar of an unknown god.
  6550 | D:5      | Found a hazy altar of Hepliaklqana.
  6564 | D:5      | Killed Blork the orc
  7050 | D:6      | Noticed Eustachio
  7066 | D:6      | Killed Eustachio
  7067 | D:6      | Reached skill level 8 in Fighting
  7439 | D:6      | Found a runed translucent gate.
  7440 | D:6      | Found a runed translucent gate.
  7440 | D:6      | Noticed Bediveer's ghost (amateur FeSu)
  7441 | D:6      | Found a runed translucent gate.
  7707 | D:6      | Found a staircase to the Ecumenical Temple.
  7796 | D:6      | Gained mutation: You sometimes gain power by taking damage.
                  | [demonic ancestry]
  7796 | D:6      | Reached XP level 9. HP: 60/75 MP: 9/9
  7935 | D:6      | Reached skill level 8 in Dodging
  8031 | D:6      | Found an ornate altar of the Wu Jian Council.
  8422 | D:6      | Reached skill level 9 in Fighting
  8831 | D:7      | Reached ** piety under Dithmenos
  8893 | D:7      | Found a runed translucent door.
  8893 | D:7      | Noticed Acetwo5's ghost (novice MiFi)
  9172 | D:7      | Reached skill level 9 in Dodging
  9383 | D:7      | Found Vaifix's Armour Boutique.
  9845 | D:7      | Reached skill level 10 in Fighting
 10013 | D:8      | Noticed Maurice
 10248 | D:8      | HP: 13/79 [yak (13)]
 10258 | D:8      | HP: 2/79 [yak (14)]
 10820 | D:8      | Gained mutation: You are mostly covered in sharp spines.
                  | [demonic ancestry]
 10820 | D:8      | Reached XP level 10. HP: 86/86 MP: 10/10
 11213 | D:8      | Reached skill level 1 in Axes
 11213 | D:8      | Noticed Grum
 11216 | D:8      | Noticed Maggie
 11229 | D:8      | Killed Grum
 11239 | D:8      | Killed Maggie
 11240 | D:8      | Reached skill level 1 in Long Blades
 11240 | D:8      | Reached skill level 10 in Dodging
 11481 | D:8      | Found a stormy altar of Qazlal.
 11559 | D:8      | Killed Maurice
 11560 | D:8      | Reached skill level 11 in Fighting
 11560 | D:8      | Reached skill level 2 in Long Blades
 11790 | D:8      | Noticed a two-headed ogre
 11800 | D:8      | Killed a two-headed ogre
 11801 | D:8      | Reached skill level 4 in Long Blades
 11801 | D:8      | Found an iron altar of Okawaru.
 12008 | D:9      | Found a staircase to the Lair.
 12322 | D:9      | Reached skill level 5 in Long Blades
 12608 | D:10     | Entered Level 10 of the Dungeon
 12702 | D:10     | Noticed a catoblepas
 12835 | D:10     | Reached *** piety under Dithmenos
 12836 | D:10     | Reached skill level 6 in Long Blades
 13092 | D:10     | HP: 21/87 [poisoned by a gnoll sergeant]
 13540 | D:10     | Noticed a cyclops
 13547 | D:10     | Killed a cyclops
 13622 | D:10     | Reached XP level 11. HP: 47/93 MP: 11/11
 13829 | D:10     | Reached skill level 7 in Long Blades
 14064 | D:10     | Noticed a wizard
 14077 | D:10     | Killed a wizard
 14078 | D:10     | Reached skill level 8 in Long Blades
 14215 | D:10     | Noticed a two-headed ogre
 14215 | D:10     | Noticed a stone giant
 14232 | D:10     | Killed a two-headed ogre
 14232 | D:10     | Slain by a stone giant

Illustrated notes

Levels and vault maps discovered:
D:1:      minmay_arrival_four_loops, layout_loops_ring,
          hellmonk_ecumenical_altar_heavens_door, kennysheep_pointless_box
D:2:      layout_rooms, uniq_natasha
D:3:      layout_basic, lemuel_coloured_pillars_altar,
          lightli_sewer_entry_pipes, hangedman_decor_points
D:4:      layout_cave_pools, cheibrodos_ashenzari_chains, elyvilon_altar_4,
          serial_shops, nicolae_shop_advertising_works
          [nicolae_subvault_shop_adworks], kennysheep_decorative_pillar
D:5:      layout_loops_ring, beargit_hepliaklqana_dungeon_heroes,
          hangedman_abyss_or_decor_stabs
D:6:      layout_loops_corners, mainiacjoe_overflow_concentric_impassable,
          temple_doors_ab, gammafunk_ghost_split, uniq_eustachio
D:7:      layout_cave_pods, ebering_ghost_inner_flame, serial_shops,
          shop_fountains
D:8:      layout_loops_ring, old_standard_altar,
          mainiacjoe_overflow_six_doors_small, uniq_maggie, uniq_grum,
          uniq_maurice
D:9:      layout_cave_pools, lair_entry_dummy
D:10:     wad_statue_garden, layout_basic, kennysheep_little_box, tso_metal_star

Skill      XL: |  1  2  3  4  5  6  7  8  9 10 11 |
---------------+----------------------------------+-----
Stealth        | 1 |  1.0
Dodging        | 2 3 4 5 6 7 9 10 | 10.0
Fighting       | 3 4 5 6 8 10 11 | 11.0
Axes           | 1 |  1.2
Long Blades    | 6 8 |  8.3
Throwing       | |  3.6

Action                   |  1- 3 |  4- 6 |  7- 9 | 10-12 || total
-------------------------+-------+-------+-------+-------++-------
Melee: Short sword       |    30 |       |       |       ||    30
       Dagger            |    32 |   221 |   505 |    47 ||   805
       Punch             |       |     4 |       |       ||     4
       Scimitar          |       |       |       |   119 ||   119
Throw: Javelin           |     3 |     8 |       |       ||    11
       Dart              |     3 |    26 |    61 |    48 ||   138
       Throwing net      |       |       |       |     2 ||     2
  Use: Potion            |       |     1 |       |       ||     1
 Stab: Sleeping          |     2 |       |     4 |       ||     6
       Paralysed         |       |       |       |     2 ||     2
       Distracted        |       |       |       |     2 ||     2
       Held in net/web   |       |       |       |     1 ||     1
Armor: Leather armour    |     9 |    17 |    88 |       ||   114
       Steam dragon scal |       |       |       |    52 ||    52
       Ring mail         |       |       |       |     1 ||     1
Dodge: Dodged            |    24 |    72 |   240 |   130 ||   466

Table legend: (Time is in decaauts)
 A = Elapsed time spent in this place.
 B = Non-inter-level travel time spent in this place.
 C = Inter-level travel time spent in this place.
 D = Time resting spent in this place.
 E = Time spent auto-exploring this place.
 F = Levels seen in this place.
 G = Mean time per level.
                   A        B        C        D        E       F      G
               +--------+--------+--------+--------+--------+-----+--------+
         Total |  14172 |  13700 |    472 |   1554 |   9794 |  11 | 1288.4 |
       Dungeon |  12778 |  12306 |    472 |   1347 |   8878 |  10 | 1277.8 |
         Sewer |   1394 |   1394 |      0 |    207 |    916 |   1 | 1394.0 |
               +--------+--------+--------+--------+--------+-----+--------+

Top non-repeatable levels by time:
     D:7: 1890 daAuts
     D:6: 1813 daAuts
     D:5: 1697 daAuts
    D:10: 1563 daAuts
   Sewer: 1394 daAuts
     D:1: 1312 daAuts
     D:8: 1261 daAuts
     D:3: 1021 daAuts
     D:2: 882 daAuts
     D:4: 668 daAuts
     D:9: 666 daAuts

Table legend:
 A = Kills in this place as a percentage of kills in entire the game.
 B = Kills by you in this place as a percentage of kills by you in the entire game.
 C = Kills by friends in this place as a percentage of kills by friends in the entire game.
 D = Other kills in this place as a percentage of other kills in the entire game.
 E = Experience gained in this place as a percentage of experience gained in the entire game.
 F = Experience gained in this place divided by the number of levels of this place that you have seen.
                   A       B       C       D       E      F
               +-------+-------+-------+-------+-------+----------------------
         Total | 100.0 | 100.0 | 100.0 |   N/A | 100.0 | 1317.3
       Dungeon |  87.3 |  86.7 | 100.0 |   N/A |  97.1 | 1406.8
         Sewer |  12.7 |  13.3 |   0.0 |   N/A |   2.9 | 422.0
               +-------+-------+-------+-------+-------+----------------------
